 Dungeon Crawl Stone Soup version 0.20-a0-754-g13ddd6e (webtiles) character file.

131 poirepourri the Shield-Bearer (level 4, 0/41 HPs)
             Began as a Minotaur Fighter on Feb 25, 2017.
             Killed by nerve-wracking pain
             ... invoked by Grinder
              (2 damage)
             ... on level 3 of the Dungeon.
             The game lasted 00:02:07 (1561 turns).

poirepourri the Shield-Bearer (Minotaur Fighter)    Turns: 1561, Time: 00:02:08

Health: 0/41       AC:  6    Str: 25    XL:     4   Next: 91%
Magic:  3/3        EV:  8    Int:  5    God:
Gold:   126        SH: 10    Dex: 11    Spells: 3/3 levels left

rFire    . . .     SeeInvis .   a - +0 war axe
rCold    . . .     Gourm    .   b - +0 scale mail
rNeg     . . .     Faith    .   c - +0 shield
rPois    .         Spirit   .   (helmet restricted)
rElec    .         Reflect  .   (no cloak)
rCorr    .         Harm     .   (no gloves)
MR       .....                  (no boots)
Stlth    ..........             (no amulet)
Regen    0.2/turn               (no ring)
MPRegen  0.1/turn               (no ring)

@: mighty
A: retaliatory headbutt, horns 2
a: no special abilities


You were on level 3 of the Dungeon.
You were full.

You visited 1 branch of the dungeon, and saw 3 of its levels.

You collected 126 gold pieces.

Inventory:

Hand Weapons
 a - a +0 war axe (weapon)
Missiles
 l - 41 bolts
Armour
 b - a +0 scale mail (worn)
 c - a +0 shield (worn)
Wands
 n - a wand of flame (26/48)
 v - a wand of lightning (7/15)
Scrolls
 e - a scroll of magic mapping {unknown}
 h - a scroll of identify {unknown}
 i - a scroll of amnesia {unknown}
 m - a scroll of remove curse {unknown}
 p - a scroll of random uselessness {unknown}
 s - a scroll of recharging {unknown}
 u - a scroll of fog {unknown}
Potions
 g - a potion of heal wounds {unknown}
 j - a potion of cancellation {unknown}
 k - a potion of haste
 q - a potion of mutation {unknown}
 r - a potion of berserk rage {unknown}
 t - a potion of resistance {unknown}
Comestibles
 f - a bread ration
 o - 3 royal jellies


   Skills:
 + Level 4.6 Fighting
 + Level 4.3 Axes
 - Level 3.6 Armour
 + Level 0.7 Dodging
 + Level 4.8 Shields


You had 3 spell levels left.
You didn't know any spells.

Dungeon Overview and Level Annotations

Branches:
Dungeon (3/15)

Altars:
Nemelex Xobeh
Okawaru
Qazlal
Sif Muna
Xom
Zin
The Shining One

Annotations:
D:3 Grinder


Innate Abilities, Weirdness & Mutations

You reflexively headbutt those who attack you in melee.
You have a pair of horns on your head.


Message History

You kill the bat!
Grinder blinks!
A bat comes into view.
The bat hits you but does no damage.
You slice the bat!!
You kill the bat!
Grinder gestures at you. Pain shoots through your body!
Things that are here:
a robe; a wand of polymorph (?/24)
You slash Grinder! Your headbutt misses Grinder.
Grinder is almost dead.
Grinder gestures at you. Pain shoots through your body!
* * * LOW HITPOINT WARNING * * *
You hit Grinder.
Grinder is almost dead.
Grinder gestures at you. Pain shoots through your body!
You die...

... ..# ... #.# #..
#.####### ##... ..#......
.. .....##........ ### ...
.# #>.#†........ ...
..##.###.......#
...###.#..#.....[.#.#
.....#......#.#.@...####
.......##.###.##5......#
...#............##...#...
.....)...(.......#...###.
..........................
................##(...####
................##....#
...#............#####..#
.........††.....# #.#


You could see Grinder.

Vanquished Creatures
  Jessica (D:3)
  Terence (D:2)
  2 adders (D:2)
  An ooze (D:1)
  A worm (D:2)
  2 dart slugs
  A leopard gecko (D:3)
  An orc (D:3)
  3 ball pythons (D:1)
  7 hobgoblins
  2 quokkas (D:2)
  6 bats
  6 frilled lizards
  9 goblins
  2 kobolds (D:1)
  7 rats
52 creatures vanquished.

Notes
Turn   | Place    | Note
-------+----------+-------------------------------------------
     0 | D:1      | poirepourri the Minotaur Fighter began the quest for the Orb.
     0 | D:1      | Reached XP level 1. HP: 19/19 MP: 0/0
   136 | D:1      | Reached XP level 2. HP: 26/27 MP: 1/1
   788 | D:2      | Reached XP level 3. HP: 29/33 MP: 2/2
   807 | D:2      | Noticed Terence
   813 | D:2      | Killed Terence
   947 | D:2      | Found a glowing silver altar of Zin.
   948 | D:2      | Found a glowing golden altar of the Shining One.
   950 | D:2      | Found a sparkling altar of Nemelex Xobeh.
   950 | D:2      | Found a stormy altar of Qazlal.
   952 | D:2      | Found a deep blue altar of Sif Muna.
   952 | D:2      | Found an iron altar of Okawaru.
   953 | D:2      | Found a shimmering altar of Xom.
   960 | D:2      | Reached XP level 4. HP: 41/41 MP: 3/3
  1331 | D:2      | Found a faded altar of an unknown god.
  1543 | D:3      | Noticed Grinder
  1544 | D:3      | Noticed Jessica
  1552 | D:3      | Killed Jessica
  1560 | D:3      | HP: 2/41 [Grinder/nerve-wracking pain (12)]
  1561 | D:3      | Killed from afar by Grinder

Vault maps used:
D:1:      dpeg_arrival_central
D:2:      grunt_temple_overflow_open, serial_glass, glass_columns_a,
          glass_columns_a, glass_columns_b, glass_columns_c, glass_columns_a,
          item_on_display_a, minmay_strange_pillars, item_on_display_a,
          chequers_ecumenical_altar_grove, uniq_terence
D:3:      nicolae_overflow_hidden_temple, st_stairs_12, uniq_crazy_yiuf_cottage,
          uniq_grinder, uniq_jessica

Skill      XL: |  1  2  3  4 |
---------------+-------------+-----
Fighting       | 4 |  4.6
Shields        | 4 |  4.8
Axes           | 3 4 |  4.3
Armour         | |  3.6
Dodging        | |  0.7

Action                   |  1- 3 |  4- 6 || total
-------------------------+-------+-------++-------
Melee: War axe           |    61 |    55 ||   116
       Headbutt          |     4 |     5 ||     9
  Use: Potion            |       |     1 ||     1
  Eat: Bread ration      |       |     1 ||     1
       Royal jelly       |       |     1 ||     1
Armor: Scale mail        |    18 |    29 ||    47
Dodge: Dodged            |    22 |    17 ||    39
Block: Shield            |    34 |    46 ||    80
